AoeStats
← Tiny7192

Fortress

509614097Analyzed
4v4 RM · 5d ago on Sep 27, 2026· 74m 13s· 8 players
Game mode
Random Map
Map size
Huge
Population
200
Speed
Normal
Resources
Standard
Victory
Conquest
Starting age
Dark Age
Ending age
Imperial Age
RankedLock teamsTeams togetherTeam positionsShared explorationLock speedFull tech treeHidden civsTurbo modeCheats
Victory
Defeat
🇨🇳 Aztecs · China
812
+17
🇨🇳 Gurjaras · China
811
+17
🇦🇺 Mongols · Australia
801
+18
🇳🇱 Hindustanis · Netherlands
736
+20
🇹🇷 Ethiopians · Türkiye
863
-19
🇹🇷 Goths · Türkiye
837
-18
🇪🇸 Vietnamese · Spain
837
-18
🇺🇦 Hindustanis · Ukraine
816
-17
He
0:58 Loom
7:08 Feudal Age
8:49 Double-Bit Axe
14:56 Castle Age
12:52 Horse Collar
13:31 Stone Mining
13:57 Gold Mining
17:20 Heavy Plow
26:12 Imperial Age
24:41 Wheelbarrow
24:40 Bow Saw
25:39 Forging
25:34 Scale Barding Armor
26:25 Grand Trunk Road
27:04 Iron Casting
26:45 Husbandry
26:56 Bloodlines
28:10 Chain Barding Armor
28:38 Hand Cart
28:54 Conscription
28:43 Heavy Camel Rider
29:14 Town Watch
29:39 Caravan
31:03 Plate Barding Armor
31:29 Blast Furnace
32:27 Two-Man Saw
31:10 Imperial Camel Rider
32:03 Murder Holes
35:46 Siege Engineers
36:09 Fletching
36:35 Masonry
40:35 Fortified Wall
40:46 Ballistics
42:59 Hoardings
45:23 Chemistry
44:34 Bodkin Arrow
44:40 Scale Mail Armor
45:27 Elite Ghulam
49:40 Chain Mail Armor
49:25 Bracer
56:36 Stone Shaft Mining
56:39 Gold Shaft Mining
kikekalimar
8:40 Feudal Age
8:00 Loom
9:43 Double-Bit Axe
9:54 Gold Mining
9:56 Stone Mining
12:40 Man-at-Arms
13:09 Horse Collar
19:33 Castle Age
18:02 Forging
17:43 Fletching
20:13 Scale Mail Armor
20:13 Padded Archer Armor
19:36 Pikeman
19:37 Long Swordsman
19:39 Elite Skirmisher
26:29 Iron Casting
25:49 Bodkin Arrow
29:30 Scale Barding Armor
32:08 Wheelbarrow
32:28 Chatras
34:27 Chain Mail Armor
34:28 Leather Archer Armor
36:33 Chain Barding Armor
36:53 Heavy Plow
40:27 Imperial Age
39:44 Squires
39:30 Arson
40:48 Elite Rattan Archer
43:22 Chemistry
42:04 Treadmill Crane
44:15 Bracer
44:46 Ring Archer Armor
44:26 Imperial Skirmisher
46:24 Ballistics
46:15 Fortified Wall
46:00 Murder Holes
45:51 Arrowslits
45:34 Halberdier
46:15 Heated Shot
52:20 Husbandry
51:41 Cavalier
53:05 Guard Tower
55:18 Plate Mail Armor
55:24 Plate Barding Armor
62:03 Elite Battle Elephant
64:34 Onager
67:40 Two-Handed Swordsman
70:01 Paper Money
XOnurX
8:30 Feudal Age
6:51 Loom
14:18 Castle Age
15:34 Pikeman
16:34 Forging
16:26 Scale Mail Armor
18:28 Iron Casting
18:05 Anarchy
17:54 Horse Collar
18:03 Double-Bit Axe
23:24 Anarchy
23:45 Chain Mail Armor
27:03 Squires
27:50 Gold Mining
27:59 Stone Mining
33:52 Imperial Age
35:24 Conscription
35:12 Perfusion
34:37 Halberdier
38:59 Elite Skirmisher
41:17 Chemistry
45:28 Elite Huskarl
47:12 Blast Furnace
46:13 Padded Archer Armor
46:04 Fletching
45:40 Imperial Skirmisher
47:30 Ballistics
Klarnetci sofi
7:39 Feudal Age
11:42 Castle Age
10:02 Horse Collar
10:09 Double-Bit Axe
15:15 Wheelbarrow
19:45 Arson
20:54 Squires
22:49 Forging
25:44 Loom
26:10 Stone Mining
26:57 Hand Cart
27:24 Scale Mail Armor
28:58 Stone Shaft Mining
28:28 Royal Heirs
29:33 Light Cavalry
33:52 Imperial Age
34:47 Ballistics
35:45 Chemistry
38:05 Elite Shotel Warrior
44:12 Gold Mining
44:23 Heavy Plow
44:35 Bow Saw
44:45 Chain Mail Armor
45:58 Iron Casting
46:10 Conscription
46:33 Plate Mail Armor
46:59 Devotion
48:51 Husbandry
48:23 Hussar
50:26 Gold Shaft Mining
51:31 Halberdier
57:42 Scale Barding Armor
58:37 Blast Furnace
nel
7:29 Feudal Age
8:19 Double-Bit Axe
9:46 Horse Collar
11:14 Loom
14:02 Castle Age
13:28 Stone Mining
13:32 Gold Mining
14:34 Scale Barding Armor
15:38 Heavy Plow
16:01 Bow Saw
18:03 Husbandry
19:45 Wheelbarrow
20:57 Stone Shaft Mining
28:41 Gold Shaft Mining
31:47 Bloodlines
31:42 Grand Trunk Road
32:17 Hand Cart
33:31 Forging
34:03 Murder Holes
34:01 Fletching
33:46 Elite Skirmisher
35:34 Chain Barding Armor
35:20 Caravan
35:28 Town Watch
36:40 Fortified Wall
37:08 Padded Archer Armor
41:10 Imperial Age
40:27 Bodkin Arrow
41:16 Heavy Camel Rider
42:34 Conscription
42:57 Plate Barding Armor
43:27 Two-Man Saw
43:59 Iron Casting
44:05 Siege Engineers
44:56 Bracer
45:34 Leather Archer Armor
47:00 Blast Furnace
47:33 Squires
46:53 Man-at-Arms
48:06 Ring Archer Armor
47:44 Imperial Camel Rider
50:31 Scale Mail Armor
52:36 Chemistry
54:41 Crossbowman
55:24 Long Swordsman
56:33 Two-Handed Swordsman
57:56 Champion
61:03 Chain Mail Armor
65:09 Town Patrol
69:05 Arson
71:08 Shatagni
70:38 Elite Ghulam
Tamerlane
8:19 Feudal Age
8:33 Loom
9:16 Double-Bit Axe
12:12 Castle Age
11:17 Horse Collar
14:50 Town Watch
20:21 Redemption
22:31 Wheelbarrow
21:56 Town Patrol
22:47 Sanctity
29:00 Imperial Age
26:32 Fletching
26:42 Padded Archer Armor
27:33 Bodkin Arrow
27:38 Padded Archer Armor
28:18 Atlatl
28:35 Elite Skirmisher
29:32 Leather Archer Armor
30:07 Block Printing
30:18 Illumination
30:28 Theocracy
29:58 Bracer
32:33 Forging
32:23 Scale Mail Armor
31:59 Pikeman
32:39 Squires
32:02 Eagle Warrior
33:26 Ballistics
34:06 Chemistry
32:45 Eagle Warrior
33:10 Arson
33:26 Squires
34:36 Fervor
34:27 Atonement
35:12 Chain Mail Armor
34:19 Elite Eagle Warrior
35:23 Conscription
36:13 Iron Casting
38:45 Blast Furnace
38:15 Plate Mail Armor
37:51 Treadmill Crane
38:24 Fortified Wall
38:42 Garland Wars
42:10 Garland Wars
41:11 Elite Jaguar Warrior
47:16 Devotion
47:11 Herbal Medicine
54:52 Faith
56:10 Caravan
61:05 Town Patrol
61:21 Hand Cart
67:34 Coinage
68:52 Banking
Tiny7192
3:55 Loom
9:51 Feudal Age
14:10 Castle Age
12:23 Double-Bit Axe
17:40 Horse Collar
21:24 Scale Barding Armor
23:21 Wheelbarrow
25:02 Husbandry
25:23 Bow Saw
26:59 Hand Cart
31:12 Imperial Age
28:47 Scale Mail Armor
30:27 Kshatriyas
30:39 Bloodlines
30:22 Town Watch
30:26 Loom
31:10 Town Patrol
31:34 Stone Mining
32:28 Chain Barding Armor
32:23 Chain Mail Armor
32:19 Forging
32:34 Conscription
31:43 Heavy Camel Rider
32:51 Caravan
34:05 Elite Shrivamsha Rider
36:28 Hoardings
37:29 Frontier Guards
40:54 Plate Barding Armor
40:55 Iron Casting
43:47 Siege Elephant
46:40 Fletching
51:05 Elite Chakram Thrower
52:56 Plate Mail Armor
72:44 Bodkin Arrow
72:50 Padded Archer Armor
TownsVanFran
0:40 Loom
8:10 Feudal Age
8:47 Double-Bit Axe
8:48 Horse Collar
14:09 Wheelbarrow
18:19 Castle Age
18:33 Bloodlines
20:07 Caravan
20:13 Husbandry
20:41 Bow Saw
25:18 Scale Barding Armor
27:25 Hand Cart
32:20 Thumb Ring
38:19 Imperial Age
36:07 Forging
37:02 Chain Barding Armor
38:32 Elite Steppe Lancer
39:32 Man-at-Arms
39:46 Capped Ram
40:14 Long Swordsman
40:58 Scale Mail Armor
41:34 Iron Casting
41:08 Two-Handed Swordsman
42:47 Conscription
43:43 Champion
45:06 Ballistics
44:42 Murder Holes
45:48 Arson
46:06 Squires
47:58 Parthian Tactics
48:02 Heavy Cavalry Archer
51:41 Fortified Wall
55:14 Padded Archer Armor
55:08 Fletching
56:19 Blast Furnace
57:28 Bodkin Arrow
57:48 Leather Archer Armor
58:45 Heavy Camel Rider
60:18 Bracer
59:56 Siege Ram
69:31 Siege Engineers
70:33 Chemistry
Connection lost

Rejoining the realm…

Still unreachable

The connection could not be restored.

Session expired

The server has moved on; the page needs a fresh start.